[Event "84th ESP-ch 2019"]
[Site "Marbella"]
[Date "2019.11.22"]
[Round "7.19"]
[White "Garza Marco, Sergio"]
[Black "Hernandez Roldan, Miguel"]
[Result "1-0"]
[ECO "A46"]
[WhiteElo "2400"]
[BlackElo "2229"]
[Annotator "ChessBase"]
[PlyCount "78"]
[EventDate "2019.11.16"]
[EventType "swiss"]
[EventCountry "ESP"]
[SourceTitle "playchess.com"]
[Source "ChessBase"]
[SourceQuality "1"]
[TimeControl "5400+30"]

1. d4 Nf6 2. Nf3 e6 3. Bf4 c5 4. e3 d5 5. c3 Nc6 6. Nbd2 Bd6 7. Bg3 Qe7 8. Ne5 Bxe5 9. dxe5 Nd7 10. Bb5 f5 11. exf6 Qxf6 12. Qh5+ Qf7 13. Qh4 O-O 14. Nf3 Qf6 15. Qxf6 gxf6 16. O-O-O a6 17. Ba4 b5 18. Bc2 Nde5 19. Nd2 Na5 20. e4 d4 21. cxd4 cxd4 22. Nb3 Nxb3+ 23. Bxb3 Rd8 24. Kb1 a5 25. Rc1 a4 26. Rxc8 axb3 27. Rxd8+ Rxd8 28. axb3 Nd3 29. f3 Nc5 30. Bh4 Kf7 31. e5 Nxb3 32. Bxf6 Rc8 33. Rd1 Rc4 34. g4 b4 35. Bh4 Rc5 36. Bg3 Kg6 37. Rd3 Nc1 38. Rxd4 b3 39. Rb4 Rc2 1-0

[Event "84th ESP-ch 2019"]
[Site "Marbella"]
[Date "2019.11.22"]
[Round "7.20"]
[White "Suarez Uriel, Adrian"]
[Black "Rey Malde, Henrique"]
[Result "1-0"]
[ECO "A04"]
[WhiteElo "2389"]
[BlackElo "2209"]
[Annotator "ChessBase"]
[PlyCount "87"]
[EventDate "2019.11.16"]
[EventType "swiss"]
[EventCountry "ESP"]
[SourceTitle "playchess.com"]
[Source "ChessBase"]
[SourceQuality "1"]
[TimeControl "5400+30"]

1. Nf3 d6 2. d4 Nf6 3. c4 Nbd7 4. Nc3 e5 5. g3 c6 6. Bg2 e4 7. Nh4 d5 8. cxd5 cxd5 9. O-O Bb4 10. Qb3 Bxc3 11. bxc3 O-O 12. Ba3 Re8 13. Nf5 Nb6 14. Nd6 Nc4 15. Nxe8 Qxe8 16. Bc1 h6 17. Bf4 b6 18. h3 g5 19. Bc1 Bd7 20. a4 Rc8 21. Ra2 Kg7 22. Qd1 Na5 23. f4 g4 24. f5 Nc4 25. Bf4 Kh7 26. e3 Qg8 27. Qe2 h5 28. Be5 Qg5 29. h4 Qh6 30. Qf2 Rc6 31. Re1 Qf8 32. Qf4 Qh6 33. Qg5 Qxg5 34. hxg5 Ne8 35. Rf2 f6 36. gxf6 Nxf6 37. Bf1 Kg7 38. Rh2 Be8 39. Rb1 Bf7 40. Bxc4 Rxc4 41. a5 bxa5 42. Ra2 a4 43. Rb7 a5 44. Rb6 1-0

[Event "84th ESP-ch 2019"]
[Site "Marbella"]
[Date "2019.11.22"]
[Round "7.21"]
[White "Represa Perez, Mireya"]
[Black "Vega Gutierrez, Sabrina"]
[Result "0-1"]
[ECO "B40"]
[WhiteElo "2189"]
[BlackElo "2374"]
[Annotator "ChessBase"]
[PlyCount "62"]
[EventDate "2019.11.16"]
[EventType "swiss"]
[EventCountry "ESP"]
[SourceTitle "playchess.com"]
[Source "ChessBase"]
[SourceQuality "1"]
[TimeControl "5400+30"]

1. e4 c5 2. Nf3 e6 3. g3 Nc6 4. Bg2 Nf6 5. Nc3 d6 6. d4 cxd4 7. Nxd4 Bd7 8. O-O Be7 9. Nb3 O-O 10. h3 Ne5 11. a4 a6 12. g4 h6 13. Kh1 Rc8 14. f4 Ng6 15. Rg1 Nh4 16. g5 hxg5 17. fxg5 Nh7 18. Bf1 d5 19. Bd3 dxe4 20. Nxe4 Bc6 21. Qg4 Ng6 22. Kh2 Ne5 23. Qg3 Nxd3 24. cxd3 Qd5 25. Nbd2 Rcd8 26. g6 fxg6 27. Qxg6 Rf2+ 28. Rg2 Rxg2+ 29. Kxg2 Kh8 30. b3 Qxd3 31. Bb2 Qxd2+ 0-1

[Event "84th ESP-ch 2019"]
[Site "Marbella"]
[Date "2019.11.22"]
[Round "7.23"]
[White "Martin Carmona, Gaston Manuel"]
[Black "Martin Hernandez, Ruben"]
[Result "0-1"]
[ECO "B48"]
[WhiteElo "2304"]
[BlackElo "2206"]
[Annotator "ChessBase"]
[PlyCount "70"]
[EventDate "2019.11.16"]
[EventType "swiss"]
[EventCountry "ESP"]
[SourceTitle "playchess.com"]
[Source "ChessBase"]
[SourceQuality "1"]
[TimeControl "5400+30"]

1. e4 c5 2. Nf3 e6 3. d4 cxd4 4. Nxd4 Nc6 5. Nc3 Qc7 6. Be3 a6 7. a3 Nf6 8. f4 d6 9. Qf3 Bd7 10. O-O-O h5 11. Be2 Rc8 12. f5 e5 13. Nxc6 Bxc6 14. Bd3 b5 15. Nd5 Bxd5 16. exd5 Be7 17. g3 Qb7 18. Kb1 O-O 19. Bg5 e4 20. Bxe4 Nxe4 21. Bxe7 Qxe7 22. Qxh5 Nf6 23. Qf3 Rfe8 24. Rhe1 Qxe1 25. Rxe1 Rxe1+ 26. Ka2 Rxc2 27. Kb3 Rc5 28. g4 a5 29. Qf2 a4+ 30. Kb4 Re8 31. Ka5 b4+ 32. Kxa4 bxa3 33. Kxa3 Ra8+ 34. Kb3 Nxd5 35. Qd4 Rb8+ 0-1

[Event "84th ESP-ch 2019"]
[Site "Marbella"]
[Date "2019.11.22"]
[Round "7.24"]
[White "De La Cruz Revilla, Miguel"]
[Black "Zurano Lopez, Pedro"]
[Result "1/2-1/2"]
[ECO "B10"]
[WhiteElo "2138"]
[BlackElo "2292"]
[Annotator "ChessBase"]
[PlyCount "60"]
[EventDate "2019.11.16"]
[EventType "swiss"]
[EventCountry "ESP"]
[SourceTitle "playchess.com"]
[Source "ChessBase"]
[SourceQuality "1"]
[TimeControl "5400+30"]

1. e4 c6 2. Nc3 d5 3. Nf3 dxe4 4. Nxe4 Nf6 5. Qe2 Na6 6. Nxf6+ gxf6 7. d4 Bf5 8. c3 Qd7 9. g3 h5 10. Nh4 Bh3 11. Bxh3 Qxh3 12. Bf4 O-O-O 13. O-O-O Nc7 14. Kb1 Nd5 15. Bc1 Qg4 16. f3 Qd7 17. Rhe1 e6 18. f4 f5 19. Nf3 Qc7 20. Be3 Kb8 21. c4 Nxe3 22. Qxe3 Bg7 23. Qb3 Rd6 24. Rd2 Rhd8 25. Red1 Qb6 26. Qxb6 axb6 27. a4 Kc7 28. Kc2 Ra8 29. Kb3 Bf6 30. Ne5 Bxe5 1/2-1/2

[Event "84th ESP-ch 2019"]
[Site "Marbella"]
[Date "2019.11.22"]
[Round "7.25"]
[White "Medina Romero, Jose"]
[Black "Hernando Rodrigo, Julio Antonio"]
[Result "0-1"]
[ECO "A45"]
[WhiteElo "2083"]
[BlackElo "2271"]
[Annotator "ChessBase"]
[PlyCount "80"]
[EventDate "2019.11.16"]
[EventType "swiss"]
[EventCountry "ESP"]
[SourceTitle "playchess.com"]
[Source "ChessBase"]
[SourceQuality "1"]
[TimeControl "5400+30"]

1. d4 Nf6 2. Bg5 c5 3. Bxf6 gxf6 4. d5 Qb6 5. Qc1 Bh6 6. e3 d6 7. c4 Nd7 8. Nc3 f5 9. Nf3 Nf6 10. Bd3 e5 11. dxe6 fxe6 12. Qc2 Bd7 13. O-O-O Bc6 14. Kb1 Rg8 15. Bxf5 exf5 16. Qxf5 Qd8 17. Qe6+ Qe7 18. Rxd6 Qxe6 19. Rxe6+ Kf7 20. Rd6 Rxg2 21. Ne5+ Ke7 22. Rd2 Rag8 23. Nxc6+ bxc6 24. Kc2 Rd8 25. Re2 Ng4 26. Ne4 Kf7 27. Rhe1 Rxh2 28. Nxc5 Rxf2 29. Rxf2+ Nxf2 30. Re2 Ng4 31. e4 Ne3+ 32. Kb3 Rb8+ 33. Kc3 Bg7+ 34. Kd3 Ng4 35. b3 h5 36. e5 Bxe5 37. Ke4 Bd6 38. Kd4 h4 39. Ne4 Rd8 40. Rg2 Bb4+ 0-1

[Event "84th ESP-ch 2019"]
[Site "Marbella"]
[Date "2019.11.22"]
[Round "7.26"]
[White "Jimenez Ruano, Adrian"]
[Black "Antonano Fedz-Quincoces, Avelino"]
[Result "1-0"]
[ECO "B27"]
[WhiteElo "2269"]
[BlackElo "2021"]
[Annotator "NA"]
[PlyCount "74"]
[EventDate "2019.11.16"]
[EventType "swiss"]
[EventCountry "ESP"]
[SourceTitle "playchess.com"]
[Source "ChessBase"]
[SourceQuality "1"]
[TimeControl "5400+30"]

1. Nf3 c5 2. e4 g6 3. c4 Bh6 4. d4 Bxc1 5. Qxc1 cxd4 6. Nxd4 Nc6 7. Nxc6 dxc6 8. Nc3 e5 9. Be2 Be6 10. O-O g5 11. Na4 b6 12. Qc3 Qf6 13. b4 Ne7 14. c5 b5 15. Nb2 O-O 16. h4 Ng6 17. hxg5 Qxg5 18. Rfd1 Nf4 19. Qf3 h5 20. Re1 Kh8 21. Nd3 Bg4 22. Qg3 Rg8 23. f3 Nxg2 24. fxg4 Nxe1 25. Rxe1 f6 26. Kf2 Rg6 27. Rh1 Rag8 28. Qe3 h4 29. Qxg5 fxg5 30. Nxe5 Rf8+ 31. Ke3 Re6 32. Nf3 Rg8 33. Rd1 Rh6 34. Rd6 Rgg6 35. Nxg5 Rxd6 36. cxd6 Kg7 37. d7 Rd6 1-0

[Event "84th ESP-ch 2019"]
[Site "Marbella"]
[Date "2019.11.22"]
[Round "7.27"]
[White "Pindado Campos, Raul"]
[Black "Moral Garcia, Serafin"]
[Result "0-1"]
[ECO "D73"]
[WhiteElo "2100"]
[BlackElo "2267"]
[Annotator "NA"]
[PlyCount "112"]
[EventDate "2019.11.16"]
[EventType "swiss"]
[EventCountry "ESP"]
[SourceTitle "playchess.com"]
[Source "ChessBase"]
[SourceQuality "1"]
[TimeControl "5400+30"]

1. d4 Nf6 2. c4 g6 3. Nf3 Bg7 4. g3 d5 5. Bg2 dxc4 6. O-O O-O 7. Na3 c3 8. bxc3 c5 9. Ne5 Nc6 10. Nxc6 bxc6 11. Nc4 {[%emt 0:16:07] D77: Fianchetto Grünfeld: 6 0-0: Replies other than 6...c6} Nd5 12. Bb2 (12. Bd2 Ba6 13. Ne5 Qd6 14. Re1 cxd4 15. cxd4 Bxe5 16. dxe5 Qxe5 17. Rc1 Rfd8 18. Qc2 {1-0 (41) Kramnik,V (2796)-Naroditsky,D (2628) Doha 2015}) 12... Ba6 13. Ne5 Bxe5 14. dxe5 Rb8 15. Qc2 Qb6 $146 ({Predecessor:} 15... Qc7 16. Rfb1 Rb7 17. c4 Nb6 18. Bc3 Nxc4 19. Rxb7 Qxb7 {1-0 (46) Miles,A (2590)-Reeve,J Vancouver 1981}) 16. Rfb1 Bc4 17. e6 f6 18. e4 Nc7 19. Bc1 Qa6 20. Rxb8 Rxb8 21. e5 Nxe6 22. exf6 $1 exf6 23. h4 Bd3 24. Qd1 c4 25. h5 Qb5 26. Ba3 Qf5 27. Qf3 Qxf3 $15 ({And not} 27... gxh5 28. Qxc6 Ng7 29. Re1 $18) 28. Bxf3 Rb6 29. Re1 Kf7 30. Bc1 Ke7 31. Be3 Ra6 32. a4 Kd6 33. hxg6 hxg6 34. Bd1 c5 35. Kg2 Rb6 36. Bf3 Rb3 37. Rc1 Ra3 38. Bd1 f5 39. Bh6 Ke5 40. Be3 Ra2 41. Kg1 g5 42. f3 f4 43. gxf4+ gxf4 44. Bf2 Kf5 45. Be1 Ng5 46. Bh4 a5 47. Kh1 Kg6 48. Kg1 Kh5 49. Be1 Nh3+ 50. Kh1 Kg5 51. Bc2 Bxc2 52. Bh4+ Kxh4 53. Re1 Ng5 54. Rg1 Bf5 55. Rd1 Nxf3 56. Rd5 Rh2# 0-1

[Event "84th ESP-ch 2019"]
[Site "Marbella"]
[Date "2019.11.22"]
[Round "7.28"]
[White "Kolotilina, Liudmila"]
[Black "Arroyo Rodriguez, Jesus"]
[Result "1-0"]
[ECO "A01"]
[WhiteElo "2242"]
[BlackElo "2112"]
[Annotator "ChessBase"]
[PlyCount "81"]
[EventDate "2019.11.16"]
[EventType "swiss"]
[EventCountry "ESP"]
[SourceTitle "playchess.com"]
[Source "ChessBase"]
[SourceQuality "1"]
[TimeControl "5400+30"]

1. b3 Nf6 2. Bb2 b6 3. Nf3 Bb7 4. c4 c5 5. Nc3 d6 6. e3 g6 7. Be2 Bg7 8. O-O O-O 9. d4 cxd4 10. exd4 Nbd7 11. d5 Ne4 12. Qc2 Nxc3 13. Bxc3 Rc8 14. Bxg7 Kxg7 15. Nd4 Nf6 16. Qb2 Qd7 17. Rae1 a6 18. h3 Kg8 19. a4 Rc7 20. Qd2 Rb8 21. Bd3 Bc8 22. Nc6 Rbb7 23. Rxe7 Qxe7 24. Nxe7+ Rxe7 25. Qf4 Ne8 26. h4 Re5 27. Qd4 Ree7 28. Qf4 Bd7 29. h5 b5 30. cxb5 axb5 31. Qb4 Re5 32. h6 Rxd5 33. Be4 Be6 34. Bxd5 Bxd5 35. Re1 Be6 36. a5 Kf8 37. a6 Rb8 38. Qd4 b4 39. Qa7 Rc8 40. Qb7 Rc7 41. Qxb4 1-0

[Event "84th ESP-ch 2019"]
[Site "Marbella"]
[Date "2019.11.22"]
[Round "7.29"]
[White "Garcia Romero, Benjamin Abel"]
[Black "Perez Guerra, Alberto"]
[Result "1-0"]
[ECO "E06"]
[WhiteElo "2234"]
[BlackElo "1988"]
[Annotator "ChessBase"]
[PlyCount "57"]
[EventDate "2019.11.16"]
[EventType "swiss"]
[EventCountry "ESP"]
[SourceTitle "playchess.com"]
[Source "ChessBase"]
[SourceQuality "1"]
[TimeControl "5400+30"]

1. d4 Nf6 2. c4 e6 3. g3 d5 4. Nf3 Be7 5. Bg2 O-O 6. O-O dxc4 7. Qa4 a6 8. Qxc4 b5 9. Qc2 Bb7 10. Bd2 Be4 11. Qc1 c6 12. Rd1 Nbd7 13. Nc3 Bg6 14. Nh4 Bh5 15. a3 Rc8 16. b4 Nb6 17. Nf3 Nc4 18. Bg5 a5 19. Bxf6 gxf6 20. Ne4 axb4 21. axb4 Bxb4 22. Ra7 f5 23. Rd7 fxe4 24. Rxd8 Rfxd8 25. Ng5 e5 26. Bxe4 Bxe2 27. Nxh7 Rd6 28. Qg5+ Kh8 29. Nf6 1-0

[Event "84th ESP-ch 2019"]
[Site "Marbella"]
[Date "2019.11.22"]
[Round "7.30"]
[White "Ruiz Buendia, Miguel"]
[Black "Rodriguez Reinoso, Victoriano"]
[Result "0-1"]
[ECO "B20"]
[WhiteElo "1875"]
[BlackElo "2204"]
[Annotator "ChessBase"]
[PlyCount "56"]
[EventDate "2019.11.16"]
[EventType "swiss"]
[EventCountry "ESP"]
[SourceTitle "playchess.com"]
[Source "ChessBase"]
[SourceQuality "1"]
[TimeControl "5400+30"]

1. e4 c5 2. b3 g6 3. Bb2 Nf6 4. Nc3 Bg7 5. d3 Nc6 6. g3 O-O 7. Bg2 d6 8. Nge2 Nd4 9. Qd2 Bh3 10. Kf1 Qd7 11. Nxd4 cxd4 12. Ne2 e5 13. Ng1 Bxg2+ 14. Kxg2 d5 15. f3 Rac8 16. Ne2 Rfd8 17. Rac1 h5 18. c3 dxe4 19. fxe4 Ng4 20. cxd4 Bh6 21. Qb4 Ne3+ 22. Kf2 Qh3 23. Rcg1 Rc2 24. Bc1 Ng4+ 25. Kf3 Nxh2+ 26. Kf2 Qg4 27. Re1 Qf3+ 28. Kg1 Ng4 0-1

[Event "84th ESP-ch 2019"]
[Site "Marbella"]
[Date "2019.11.22"]
[Round "7.31"]
[White "Gomez Dieguez, David"]
[Black "Diaz Mino, Pablo"]
[Result "1-0"]
[ECO "C63"]
[WhiteElo "2336"]
[BlackElo "2135"]
[Annotator "ChessBase"]
[PlyCount "61"]
[EventDate "2019.11.16"]
[EventType "swiss"]
[EventCountry "ESP"]
[SourceTitle "playchess.com"]
[Source "ChessBase"]
[SourceQuality "1"]
[TimeControl "5400+30"]

1. e4 e5 2. Nf3 Nc6 3. Bb5 f5 4. Nc3 fxe4 5. Nxe4 Nf6 6. Nxf6+ Qxf6 7. Qe2 Be7 8. Bxc6 dxc6 9. Nxe5 O-O 10. d4 Bd6 11. f4 Qh4+ 12. g3 Qh3 13. Be3 Bxe5 14. dxe5 Rd8 15. Bd2 Rd5 16. O-O-O Bg4 17. Qf1 Qh5 18. Re1 Bf3 19. Rg1 Rad8 20. Bc3 Rd1+ 21. Rxd1 Rxd1+ 22. Qxd1 Bxd1 23. Rxd1 Qh3 24. b3 h5 25. Rd8+ Kf7 26. Bb4 c5 27. Bxc5 Qxh2 28. f5 g5 29. e6+ Kf6 30. Rf8+ Kg7 31. e7 1-0

[Event "84th ESP-ch 2019"]
[Site "Marbella"]
[Date "2019.11.22"]
[Round "7.32"]
[White "Romero Calduch, Sergio"]
[Black "Medarde Santiago, Luis Marcos"]
[Result "1-0"]
[ECO "A61"]
[WhiteElo "2130"]
[BlackElo "2285"]
[Annotator "ChessBase"]
[PlyCount "111"]
[EventDate "2019.11.16"]
[EventType "swiss"]
[EventCountry "ESP"]
[SourceTitle "playchess.com"]
[Source "ChessBase"]
[SourceQuality "1"]
[TimeControl "5400+30"]

1. d4 Nf6 2. c4 e6 3. Nf3 c5 4. d5 exd5 5. cxd5 d6 6. Nc3 g6 7. h3 Bg7 8. Bf4 O-O 9. e3 a6 10. a4 Ne8 11. Be2 Nd7 12. O-O Ne5 13. e4 b6 14. Nxe5 Bxe5 15. Bh6 Ng7 16. Qd2 Re8 17. Rae1 Bd7 18. Kh1 f5 19. Bd3 Qf6 20. Bg5 Qf7 21. exf5 Bxf5 22. Bxf5 Nxf5 23. Ne4 Bd4 24. Qd3 Re5 25. g4 Ne7 26. f4 Rxd5 27. Bxe7 Qxe7 28. Qc4 Qf7 29. Ng5 Rxg5 30. Qxf7+ Kxf7 31. fxg5+ Kg8 32. Re7 Bxb2 33. Rb1 Be5 34. Rxb6 c4 35. Rc6 c3 36. Rec7 d5 37. Re7 Bh8 38. Rd7 d4 39. Kg2 Rf8 40. a5 Be5 41. h4 Rf4 42. Rxa6 Rxg4+ 43. Kf3 Rf4+ 44. Ke2 Rf8 45. Rc6 Bg3 46. a6 Rf2+ 47. Kd3 Rd2+ 48. Ke4 Re2+ 49. Kf3 Re3+ 50. Kg4 Kf8 51. Rc8+ Re8 52. Rxe8+ Kxe8 53. Rxd4 Bf2 54. Rc4 Ke7 55. Rxc3 Bd4 56. a7 1-0

[Event "84th ESP-ch 2019"]
[Site "Marbella"]
[Date "2019.11.22"]
[Round "7.33"]
[White "Silva Lucena, Cristian"]
[Black "Lopez Guerrero, Jose Miguel"]
[Result "1/2-1/2"]
[ECO "C47"]
[WhiteElo "2244"]
[BlackElo "2085"]
[Annotator "ChessBase"]
[PlyCount "176"]
[EventDate "2019.11.16"]
[EventType "swiss"]
[EventCountry "ESP"]
[SourceTitle "playchess.com"]
[Source "ChessBase"]
[SourceQuality "1"]
[TimeControl "5400+30"]

1. e4 e5 2. Nf3 Nc6 3. Nc3 Nf6 4. g3 d5 5. exd5 Nxd5 6. Bg2 Nxc3 7. bxc3 Be7 8. d3 O-O 9. O-O Bg4 10. h3 Bh5 11. Rb1 Rb8 12. Qe1 Bd6 13. g4 Bg6 14. Ng5 h5 15. Qe2 hxg4 16. Qxg4 Qc8 17. Be3 Qxg4 18. hxg4 Nd8 19. c4 Be7 20. Rb5 f6 21. Bd5+ Kh8 22. Kg2 fxg5 23. Rh1+ Bh7 24. Be4 g6 25. Bxg6 Rf7 26. Rxe5 Nc6 27. Bxf7 Nxe5 28. Bd4 Bf6 29. Bxe5 Bxe5 30. Bg6 Kg7 31. Bxh7 Rh8 32. Be4 Rxh1 33. Kxh1 b6 34. Kg2 Kf6 35. Kf3 Bd4 36. Ke2 Ke5 37. f3 Bc3 38. Ke3 c5 39. Bc6 Ba5 40. Be4 Bc3 41. f4+ gxf4+ 42. Kf3 Bd2 43. g5 Ke6 44. Kg4 Kf7 45. Kf5 Kg7 46. Bf3 Kf7 47. a4 Bc1 48. Bh5+ Kg7 49. c3 Bb2 50. Kxf4 Bxc3 51. Kf5 Bd2 52. g6 Bc3 53. Bf3 Bd4 54. Be4 Bc3 55. Ke6 Bd4 56. Kd7 Kf6 57. Kc7 Ke7 58. Bd5 Bc3 59. Kc6 Bd4 60. Bf3 Bc3 61. Bg2 Bd4 62. Bd5 Bc3 63. a5 Kf6 64. a6 Ke7 65. Bf3 Bd4 66. Kb7 Kd8 67. Bd5 Bg7 68. Kc6 Ke7 69. Bf7 Bd4 70. Kd5 Bg7 71. Ke4 Kd6 72. Kf5 Ke7 73. Bd5 Kd6 74. Bb7 Ke7 75. Ke4 Kd6 76. Bc8 Bd4 77. Bg4 Bg7 78. Bd1 Bd4 79. Ba4 Bg7 80. Kf5 Ke7 81. Bb5 Kd6 82. Ke4 Bd4 83. Kf5 Bg7 84. Ba4 Ke7 85. Kf4 Kd6 86. Ke4 Bd4 87. Bb5 Bg7 88. Ba4 Bd4 1/2-1/2

[Event "84th ESP-ch 2019"]
[Site "Marbella"]
[Date "2019.11.22"]
[Round "7.34"]
[White "Garcia De Blas, Esteban"]
[Black "Rodriguez Lopez, Rafael"]
[Result "0-1"]
[ECO "D38"]
[WhiteElo "2031"]
[BlackElo "2228"]
[Annotator "ChessBase"]
[PlyCount "84"]
[EventDate "2019.11.16"]
[EventType "swiss"]
[EventCountry "ESP"]
[SourceTitle "playchess.com"]
[Source "ChessBase"]
[SourceQuality "1"]
[TimeControl "5400+30"]

1. d4 Nf6 2. c4 e6 3. Nf3 d5 4. Nc3 Bb4 5. cxd5 exd5 6. a3 Bxc3+ 7. bxc3 O-O 8. e3 c5 9. Bd3 c4 10. Bc2 Bg4 11. h3 Bh5 12. Bf5 Nc6 13. O-O Ne4 14. g4 Bg6 15. Bxe4 Bxe4 16. Ne1 Qh4 17. Kh2 f5 18. Ng2 Qh6 19. f3 fxg4 20. fxg4 Qd6+ 21. Nf4 g5 22. Qe1 gxf4 23. exf4 Rae8 24. Qg3 Na5 25. f5 Qxg3+ 26. Kxg3 Nb3 27. Bh6 Nxa1 28. Bxf8 Kxf8 29. Rxa1 Bc2 30. Kf3 Kf7 31. Ra2 Bd1+ 32. Kf4 Re4+ 33. Kg5 Re3 34. Rd2 Rd3 35. Rb2 b6 36. Rb1 Bf3 37. Rc1 Be4 38. h4 Rg3 39. a4 h5 40. Kxh5 Bf3 41. Rf1 Bxg4+ 42. Kh6 Kf6 0-1

[Event "84th ESP-ch 2019"]
[Site "Marbella"]
[Date "2019.11.22"]
[Round "7.35"]
[White "Martinez Piqueras, Carlos"]
[Black "Jimenez Fernandez, Rebeca"]
[Result "1-0"]
[ECO "B24"]
[WhiteElo "2206"]
[BlackElo "2043"]
[Annotator "ChessBase"]
[PlyCount "51"]
[EventDate "2019.11.16"]
[EventType "swiss"]
[EventCountry "ESP"]
[SourceTitle "playchess.com"]
[Source "ChessBase"]
[SourceQuality "1"]
[TimeControl "5400+30"]

1. e4 c5 2. Nc3 Nc6 3. Bb5 g6 4. Bxc6 bxc6 5. Nge2 Bg7 6. d3 d5 7. O-O e6 8. Kh1 Ne7 9. Na4 Qa5 10. c4 O-O 11. Qc2 dxc4 12. dxc4 Bd4 13. Bd2 Qc7 14. Rad1 e5 15. Bh6 Re8 16. f4 f5 17. Nxd4 cxd4 18. fxe5 Qxe5 19. Rde1 Qa5 20. e5 c5 21. e6 Bb7 22. Re5 Rac8 23. b3 Be4 24. Qf2 Rc6 25. Rxe4 Nc8 26. Qf3 1-0

[Event "84th ESP-ch 2019"]
[Site "Marbella"]
[Date "2019.11.22"]
[Round "7.36"]
[White "Gutierrez Curras, Daniel"]
[Black "Rodriguez Redondo, Adhara"]
[Result "0-1"]
[ECO "C77"]
[WhiteElo "2025"]
[BlackElo "2199"]
[Annotator "NA"]
[PlyCount "112"]
[EventDate "2019.11.16"]
[EventType "swiss"]
[EventCountry "ESP"]
[SourceTitle "playchess.com"]
[Source "ChessBase"]
[SourceQuality "1"]
[TimeControl "5400+30"]

1. e4 e5 2. Nf3 Nc6 3. Bb5 a6 4. Ba4 Nf6 5. Bxc6 dxc6 6. d3 Bd6 7. Qe2 Qe7 8. Nbd2 O-O 9. h3 c5 10. Nf1 b5 11. Ng3 Ne8 12. O-O f6 13. a4 c6 14. Bd2 Be6 15. axb5 cxb5 16. Nf5 Qd7 17. Ne3 Qc6 18. c4 b4 19. Nd5 a5 20. Nh4 Nc7 21. g4 Bd7 22. Qf3 Nxd5 23. exd5 Qc7 24. Qe4 a4 25. Kh1 a3 26. b3 f5 27. gxf5 Be7 28. f4 Bxh4 29. fxe5 Bg3 30. e6 Bc8 31. Bf4 Bxf4 32. Rxf4 Qe7 33. Qe5 Bb7 34. Kh2 Qf6 35. Qxf6 Rxf6 36. Kg3 Kf8 37. Kf3 Ke7 38. Ke4 Kd6 39. d4 Rc8 40. Rg4 g6 41. fxg6 Rxe6+ 42. Kd3 Rxg6 43. Rxg6+ hxg6 44. Rg1 Rg8 45. h4 a2 46. dxc5+ Kxc5 47. Ke4 Rh8 48. Ke5 Rxh4 49. Kf6 Rh3 50. Ra1 Rh2 51. Ke7 g5 52. Kd8 g4 53. Kc7 Bxd5 54. cxd5 Kxd5 55. Kb6 Kd4 56. Kb5 Kc3 0-1

[Event "84th ESP-ch 2019"]
[Site "Marbella"]
[Date "2019.11.22"]
[Round "7.37"]
[White "Mohamed Garcia, Ismael"]
[Black "Garcia Vicente, Nieves"]
[Result "0-1"]
[ECO "A45"]
[WhiteElo "1825"]
[BlackElo "2175"]
[Annotator "ChessBase"]
[PlyCount "162"]
[EventDate "2019.11.16"]
[EventType "swiss"]
[EventCountry "ESP"]
[SourceTitle "playchess.com"]
[Source "ChessBase"]
[SourceQuality "1"]
[TimeControl "5400+30"]

1. d4 Nf6 2. Bf4 d5 3. e3 c5 4. c3 Nc6 5. Nf3 Bg4 6. Nbd2 e6 7. h3 Bh5 8. Qb3 Qb6 9. Qxb6 axb6 10. Bb5 Nd7 11. Ne5 Ndxe5 12. Bxe5 O-O-O 13. Bh2 Bd6 14. Bxc6 bxc6 15. Bxd6 Rxd6 16. dxc5 bxc5 17. Nb3 c4 18. Nc5 e5 19. O-O Be2 20. Rfe1 Bd3 21. Red1 Bf5 22. Rd2 Rhd8 23. Rad1 Kc7 24. b4 Bc8 25. a4 Kb6 26. a5+ Kb5 27. a6 Bxa6 28. Nxa6 Kxa6 29. Ra1+ Kb6 30. Rda2 R6d7 31. f4 f6 32. Kf2 Rb7 33. Ra6+ Kc7 34. Rd1 Rd7 35. g4 Rb6 36. Ra7+ Kd6 37. Rda1 Rbb7 38. Ra8 Kc7 39. Rh8 h6 40. Re8 exf4 41. exf4 d4 42. Re4 Kb6 43. cxd4 Kb5 44. Ke3 Kxb4 45. Kd2 Rb5 46. Rb1+ Ka5 47. Ra1+ Kb6 48. Kc3 Rb3+ 49. Kxc4 Rxh3 50. Rb1+ Kc7 51. Rg1 Rh2 52. Re3 Rf2 53. f5 Rf4 54. Rd3 Rd5 55. Rg2 Re4 56. Kc3 Ra5 57. Kb4 Rd5 58. Kc4 Kd6 59. Kc3 Ra5 60. Kb4 Ra7 61. Kc3 Ra3+ 62. Kc4 Rxd3 63. Kxd3 Kd5 64. Rg1 Rxd4+ 65. Ke3 c5 66. Rg2 c4 67. g5 hxg5 68. Ra2 Re4+ 69. Kd2 Rf4 70. Ra7 Rxf5 71. Rd7+ Ke5 72. Rxg7 Rf3 73. Rc7 Rf4 74. Ke3 Kf5 75. Rc8 Kg4 76. Rc7 f5 77. Rc8 Kg3 78. Ke2 g4 79. Rc5 Kg2 80. Ke3 Re4+ 81. Kd2 f4 0-1

[Event "84th ESP-ch 2019"]
[Site "Marbella"]
[Date "2019.11.22"]
[Round "7.38"]
[White "Ramirez Diaz, Jose Ramon"]
[Black "Boutahar Belgasi, Tarik"]
[Result "1-0"]
[ECO "B75"]
[WhiteElo "2171"]
[BlackElo "2027"]
[Annotator "NA"]
[PlyCount "87"]
[EventDate "2019.11.16"]
[EventType "swiss"]
[EventCountry "ESP"]
[SourceTitle "playchess.com"]
[Source "ChessBase"]
[SourceQuality "1"]
[TimeControl "5400+30"]

1. e4 c5 2. Nf3 d6 3. d4 cxd4 4. Nxd4 Nf6 5. Nc3 g6 6. Be3 Bg7 7. f3 Nc6 8. Qd2 O-O 9. g4 Bd7 10. h4 h5 11. gxh5 Nxh5 12. O-O-O Rc8 13. Rg1 Ne5 14. Kb1 Rxc3 15. bxc3 Qa5 16. Nb3 Qc7 17. Be2 Rc8 18. Bd4 Nc4 19. Bxc4 Qxc4 20. Kb2 a5 21. Bxg7 Nxg7 22. Qd4 Qc7 23. h5 Nxh5 24. Rh1 e5 25. Qe3 Nf4 26. Rh2 Be6 27. Rhd2 a4 28. Nc1 a3+ 29. Kb1 Qa5 30. Rxd6 Rxc3 31. Qd2 Qb5+ 32. Nb3 Rxf3 33. Rd8+ Kg7 34. Qd6 Ne2 35. Qf8+ Kf6 36. Qh8+ Kg5 37. Ka1 Rh3 38. Qf8 Bxb3 39. axb3 Nd4 40. Rg1+ Kf6 41. Rd6+ Ne6 42. Qd8+ Kg7 43. Rxe6 fxe6 44. Qe7+ 1-0

[Event "84th ESP-ch 2019"]
[Site "Marbella"]
[Date "2019.11.22"]
[Round "7.39"]
[White "Jaime Montalvan, Luis Felipe"]
[Black "Serrano Garcia, Luis"]
[Result "1-0"]
[ECO "A05"]
[WhiteElo "2167"]
[BlackElo "1866"]
[Annotator "ChessBase"]
[PlyCount "49"]
[EventDate "2019.11.16"]
[EventType "swiss"]
[EventCountry "ESP"]
[SourceTitle "playchess.com"]
[Source "ChessBase"]
[SourceQuality "1"]
[TimeControl "5400+30"]

1. Nf3 Nf6 2. c4 g6 3. b4 Bg7 4. Bb2 O-O 5. d3 d6 6. e3 e5 7. Nbd2 Re8 8. Qc2 Nc6 9. a3 a5 10. b5 Ne7 11. a4 h6 12. Be2 Kh7 13. O-O Nd7 14. Ne4 Ng8 15. c5 f5 16. c6 bxc6 17. Qxc6 fxe4 18. Qxa8 exf3 19. Bxf3 e4 20. Bxg7 exf3 21. Bd4 fxg2 22. Rfc1 Ne5 23. Bxe5 Rxe5 24. b6 Qh4 25. Rxc7+ 1-0